AoeStats
← trixnate

MegaRandom

506047798Analyzed
1v1 RM · 19d ago on Sep 12, 2026· 55m 16s· 2 players
Game mode
Random Map
Map size
Tiny (2 player)
Population
200
Speed
Normal
Resources
Standard
Victory
Conquest
Starting age
Dark Age
Ending age
Imperial Age
RankedLock teamsTeams togetherTeam positionsShared explorationLock speedFull tech treeHidden civsTurbo modeCheats
Victory
Defeat
🇳🇿 Vikings · New Zealand
947
+16
🇷🇺 Goths · Russia
954
-16
trixnate
6:23 Loom
11:43 Feudal Age
17:54 Castle Age
19:29 Fletching
23:45 Crossbowman
27:14 Double-Bit Axe
28:27 Gold Mining
29:13 Forging
31:08 Horse Collar
32:40 Town Watch
33:57 Bodkin Arrow
35:00 Gold Shaft Mining
35:28 Town Patrol
36:11 Ballistics
36:53 Iron Casting
36:49 Stone Mining
37:07 Scale Mail Armor
39:54 Imperial Age
37:53 Heavy Plow
39:36 Bow Saw
41:40 Blast Furnace
40:56 Chain Mail Armor
41:57 Chemistry
41:03 Siege Engineers
42:21 Conscription
42:13 Elite Cannon Galleon
45:22 Murder Holes
45:28 Elite Berserk
46:35 Light Cavalry
48:32 Squires
48:18 Arson
49:07 Plate Mail Armor
48:37 Bracer
51:30 Cavalier
51:38 Arbalester
52:30 Padded Archer Armor
53:12 Bogsveigar
suhinja
0:41 Loom
9:28 Feudal Age
10:14 Double-Bit Axe
12:10 Man-at-Arms
12:59 Gold Mining
13:32 Forging
13:23 Scale Mail Armor
25:43 Castle Age
25:46 Fletching
27:14 Iron Casting
26:56 Squires
32:08 Stone Mining
34:26 Wheelbarrow
35:35 Bow Saw
36:01 Long Swordsman
37:47 Hand Cart
37:36 Town Watch
39:13 Anarchy
40:50 Chain Mail Armor
41:11 Town Patrol
41:23 Horse Collar
41:58 Bodkin Arrow
42:25 Pikeman
46:39 Heavy Plow
50:47 Imperial Age
48:55 Padded Archer Armor
49:38 Crossbowman
50:56 Elite Huskarl
52:53 Perfusion
53:25 Conscription
53:23 Two-Handed Swordsman
53:24 Halberdier
Connection lost

Rejoining the realm…

Still unreachable

The connection could not be restored.

Session expired

The server has moved on; the page needs a fresh start.